 Dungeon Crawl Stone Soup version 0.26.0-10-g1f06aea511 (webtiles) character file.

Game seed: 6831084288096269421

45034 dohliylev the Severer (level 13, -3/122 HPs)
             Began as a Minotaur Berserker on Jan 18, 2021.
             Was a High Priest of Trog.
             Slain by a harpy zombie (7 damage)
             ... on level 15 of the Dungeon.
             The game lasted 00:42:00 (14259 turns).

dohliylev the Severer (Minotaur Berserker)         Turns: 14259, Time: 00:42:00

Health: -3/122     AC: 16    Str: 25    XL:     13   Next: 99%
Magic:  4/4        EV: 12    Int:  6    God:    Trog [*****.]
Gold:   966        SH: 17    Dex: 10    Spells: 12/12 levels left

rFire    . . .     SeeInvis .   u - +2 broad axe (antimagic)
rCold    + + .     Faith    .   s - +0 kite shield
rNeg     . . .     Spirit   .   v - +0 plate armour
rPois    .         Reflect  +   (helmet restricted)
rElec    .         Harm     .   (no cloak)
rCorr    .         Rampage  .   m - +0 pair of gloves
Will     .....                  (no boots)
Stlth    ..........             b - amulet of reflection
HPRegen  0.30/turn              p - +4 ring of evasion
MPRegen  0.09/turn              x - ring of Ucvoefra {Wiz rC++ Str-2 Int+2 Slay+4}

@: marked, berserk cooldown, slowed, very slow
A: retaliatory headbutt, horns 2
a: Renounce Religion, Berserk, Trog's Hand, Brothers in Arms


You were on level 15 of the Dungeon.
You worshipped Trog.
Trog was extremely pleased with you.
You visited 1 branch of the dungeon, and saw 15 of its levels.

You collected 966 gold pieces.

Inventory:

Hand Weapons
 r - the +6 war axe "Zezaa" {vorpal, Dex+7}
   (You took it off a tengu conjurer on level 14 of the Dungeon)

   It inflicts extra damage upon your enemies.
   It affects your dexterity (+7).
 u - a +2 antimagic broad axe (weapon)
 A - a +2 demon trident of venom
 D - a +2 trident of holy wrath
 I - the +3 battleaxe "Juol" {vorpal, rF+ rC+++ Will-}
   (Trog gifted it to you on level 14 of the Dungeon)

   It inflicts extra damage upon your enemies.
   It protects you from fire.
   It renders you almost immune to cold.
   It affects your willpower, your defense against some magical effects.
Armour
 m - a +0 pair of gloves (worn)
 s - a +0 kite shield (worn)
 t - +0 acid dragon scales
 v - a +0 plate armour (worn)
 y - a +2 scale mail of fire resistance
 H - a +0 chain mail of poison resistance
Jewellery
 b - an amulet of reflection (around neck)
 d - an uncursed ring of see invisible
 p - a +4 ring of evasion (left hand)
 x - the ring of Ucvoefra (right hand) {Wiz rC++ Str-2 Int+2 Slay+4}
   (You found it on level 4 of the Dungeon)

   [ring of wizardry]

   It improves your spell success rate.
   It affects your strength (-2).
   It affects your intelligence (+2).
   It affects your accuracy and damage with ranged weapons and melee attacks
   (+4).
   It greatly protects you from cold.
Scrolls
 a - a scroll of magic mapping
 c - 2 scrolls of fear
 e - 2 scrolls of enchant armour {unknown}
 g - 9 scrolls of teleportation
 o - 8 scrolls of remove curse
 E - a scroll of identify
 F - a scroll of enchant weapon
Potions
 f - a potion of cancellation {unknown}
 h - 7 potions of curing
 i - 2 potions of heal wounds {unknown}
 j - a potion of flight {unknown}
 k - 2 potions of attraction {unknown}
 l - a potion of lignification {unknown}
 n - 5 potions of haste {unknown}
 q - 4 potions of degeneration {unknown}
 z - a potion of might {unknown}
 B - 2 potions of brilliance {unknown}
 C - 2 potions of mutation {unknown}
 G - a potion of ambrosia {unknown}


   Skills:
 + Level 13.5 Fighting
 + Level 19.2 Axes
 + Level 11.9 Armour
 + Level 4.2 Dodging
 + Level 10.1 Shields


You had 12 spell levels left.
You didn't know any spells.
Your spell library was empty.

Dungeon Overview and Level Annotations

Branches:
Dungeon (15/15)            Temple (0/1) D:5            Lair (0/6) D:11
    Orc (0/2) D:11         Vaults (0/5) D:13
 Depths: D:15

Altars:
Ashenzari
Dithmenos
Fedhas
Gozag
Makhleb
Okawaru
Qazlal
Sif Muna
Trog
Vehumet
Wu Jian
Xom
Yredelemnul

Shops:
D:5 !   D:14 (


Innate Abilities, Weirdness & Mutations

You reflexively headbutt those who attack you in melee.
You have a pair of horns on your head.


Message History

The meliai mumbles some strange prayers to its god against you.
Something smites you!
* * * LOW HITPOINT WARNING * * *
The vampire casts a spell at itself.
The vampire flickers and vanishes!
Deactivating autopickup; reactivate with Ctrl-A.
The yaktaur wields a +0 arbalest.
The yaktaur shoots a bolt.
The bolt hits you!
* * * LOW HITPOINT WARNING * * *
A red ugly thing comes into view.
The tengu warrior hits you but does no damage.
The tengu warrior pecks you but does no damage.
You block the tengu warrior's attack.
Things that are here:
a bolt; an arrow Your iron troll goes berserk!
Something hits your iron troll.
Something bites your iron troll but does no damage.
The harpy zombie claws you but does no damage.
The harpy zombie claws you!
You die...

. ................ ## #
..#.........u.... .# .#
................###.##..##
.............u............
.................#........
.......y..........<.......
......JJcZ{F..........###.
....##Z#.ZQT...#.......# .
.c###Q@.#)..........# ..JJ
##..##..........# #....
###.......###.## #....
#.....#..##### #...
##....#....# #..#
##....###.## #..#...#..#
#.........# ##.......##


You could see 2 ugly things, 2 slime creatures, 2 tengu warriors, a yaktaur, a
meliai, a bullfrog, a harpy zombie, a centaur warrior zombie and a friendly iron
troll (summoned, berserk).

Vanquished Creatures
  Snorg (D:13)
  A fire dragon (D:14)
  Josephine (D:12)
  A great orb of eyes (D:14)
  4 boulder beetles
  4 centaur warriors
  2 hydras
  6 two-headed ogres
  2 dancing weapons (D:13)
  Urug (D:10)
  Sonja (D:11)
  3 skeletal warriors (D:14)
  An unseen horror (D:13)
  2 deep elf magi
  8 ugly things
  2 manticores (D:14)
  4 slime creatures
  2 cyclopes
  2 centaur zombies
  A centaur skeleton (D:11)
  A tengu conjurer (D:14)
  A yaktaur (D:14)
  5 kobold demonologists
  2 komodo dragons
  2 efreet
  A jumping spider (shapeshifter) (D:14)
  4 trolls
  A polar bear (shapeshifter) (D:14)
  20 yaks
  Eustachio (D:4)
  5 wraiths
  2 humans (D:8)
  4 wyverns
  8 vampire mosquitoes
  A soldier ant (D:14)
  An acid dragon (D:14)
  A water moccasin (D:10)
  Duvessa (D:5)
  2 ice beasts
  5 sky beasts
  7 orc warriors
  2 black bears
  2 phantoms
  3 eyes of draining (D:3)
  12 necrophages
  9 ogres
  9 centaurs
  5 big kobolds
  13 bullfrogs
  A gnoll sergeant (D:9)
  Dowan (D:5)
  A water moccasin zombie (D:9)
  A scorpion (D:5)
  A hornet simulacrum (D:14)
  6 killer bees (D:7)
  2 jellies
  6 wights (D:8)
  2 howler monkeys (D:12)
  A bullfrog zombie (D:10)
  5 orc priests
  9 hounds
  13 orc wizards
  2 bullfrog skeletons
  An iguana (D:14)
  8 worker ants
  3 mummies (D:8)
  12 gnolls
  12 adders
  A shadow imp (D:9)
  A white imp (D:5)
  2 ufetubi
  2 oozes
  2 adder skeletons
  4 worms
  A dart slug (D:1)
  6 leopard geckos
  57 orcs
  6 giant cockroaches
  10 goblins
  5 hobgoblins
  18 jackals
  5 quokkas
  3 ball pythons
  12 bats
  7 frilled lizards
  A jackal zombie (D:8)
  25 kobolds
  A leopard gecko skeleton (D:7)
  A quokka zombie (D:8)
  4 rats
  A butterfly (D:4)
441 creatures vanquished.

Vanquished Creatures (collateral kills)
  A hydra (D:14)
  4 ugly things (D:14)
  A manticore (D:12)
  3 wraiths (D:12)
  A howler monkey (D:14)
10 creatures vanquished.

Vanquished Creatures (others)
  A bullfrog (D:15)
  9 plants
  3 withered plants (D:8)
13 creatures vanquished.

Grand Total: 464 creatures vanquished

Notes
Turn   | Place    | Note
-------+----------+-------------------------------------------
     0 | D:1      | dohliylev the Minotaur Berserker began the quest for the
                  | Orb.
     0 | D:1      | Reached XP level 1. HP: 19/19 MP: 0/0
   317 | D:1      | Reached XP level 2. HP: 27/27 MP: 1/1
   330 | D:1      | Reached skill level 4 in Axes
  1219 | D:2      | Found a radiant altar of Vehumet.
  1232 | D:2      | Reached XP level 3. HP: 25/33 MP: 2/2
  1408 | D:2      | Reached ** piety under Trog
  1709 | D:2      | Reached XP level 4. HP: 41/41 MP: 3/3
  2177 | D:3      | Reached skill level 5 in Axes
  2218 | D:3      | Noticed an eye of draining
  2234 | D:3      | Killed an eye of draining
  2235 | D:3      | Reached skill level 5 in Fighting
  2235 | D:3      | Reached XP level 5. HP: 48/48 MP: 1/4
  2235 | D:3      | Found a bloodstained altar of Trog.
  2235 | D:3      | Noticed an eye of draining
  2235 | D:3      | Noticed an eye of draining
  2243 | D:3      | Killed an eye of draining
  2244 | D:3      | Reached skill level 6 in Axes
  2244 | D:3      | Reached XP level 6. HP: 56/56 MP: 0/5
  2520 | D:3      | Reached *** piety under Trog
  2846 | D:4      | Reached skill level 7 in Axes
  2939 | D:4      | Got a heavily runed brass ring
  3030 | D:4      | Reached XP level 7. HP: 45/62 MP: 2/6
  3147 | D:4      | Identified the ring of Ucvoefra {Wiz rC++ Str-2 Int+2
                  | Slay+4} (You found it on level 4 of the Dungeon)
  3210 | D:4      | Reached skill level 8 in Axes
  3215 | D:4      | Noticed Eustachio
  3226 | D:4      | Killed Eustachio
  3227 | D:4      | Reached skill level 1 in Shields
  3255 | D:4      | Found a shimmering altar of Xom.
  3701 | D:5      | Entered Level 5 of the Dungeon
  3701 | D:5      | Noticed Duvessa
  3701 | D:5      | Noticed Dowan
  3705 | D:5      | Killed Duvessa
  3706 | D:5      | Reached skill level 9 in Axes
  3706 | D:5      | Reached XP level 8. HP: 71/71 MP: 2/7
  3708 | D:5      | Killed Dowan
  3741 | D:5      | Found Vike's Distillery.
  3765 | D:5      | Reached skill level 5 in Armour
  4056 | D:5      | Found a staircase to the Ecumenical Temple.
  4201 | D:6      | Reached **** piety under Trog
  4203 | D:6      | Reached skill level 10 in Axes
  4213 | D:6      | Noticed a troll
  4221 | D:6      | Killed a troll
  4438 | D:6      | Found a shadowy altar of Dithmenos.
  4440 | D:6      | Paralysed by an orc warrior for 6 turns
  4449 | D:6      | Reached XP level 9. HP: 54/79 MP: 2/8
  4751 | D:6      | Reached skill level 11 in Axes
  4972 | D:7      | Reached ***** piety under Trog
  5341 | D:7      | Found a shimmering blue altar of Sif Muna.
  5379 | D:7      | Found a basalt altar of Yredelemnul.
  5386 | D:7      | Reached skill level 12 in Axes
  5399 | D:7      | Found an ornate altar of the Wu Jian Council.
  5809 | D:8      | Received a gift from Trog
  5814 | D:8      | Reached XP level 10. HP: 89/90 MP: 3/9
  5869 | D:8      | Found an iron altar of Okawaru.
  5881 | D:8      | Reached skill level 13 in Axes
  6195 | D:8      | Found an opulent altar of Gozag.
  6944 | D:9      | Found a blossoming altar of Fedhas.
  7180 | D:10     | Entered Level 10 of the Dungeon
  7289 | D:10     | Reached skill level 10 in Fighting
  7664 | D:10     | Noticed Urug
  7682 | D:10     | Killed Urug
  7683 | D:10     | Reached skill level 14 in Axes
  8318 | D:11     | Noticed a brown ugly thing
  8329 | D:11     | Killed a brown ugly thing
  8385 | D:11     | Reached XP level 11. HP: 99/101 MP: 3/10
  8743 | D:11     | Found a staircase to the Orcish Mines.
  8807 | D:11     | Found a staircase to the Lair.
  8926 | D:11     | Found a radiant altar of Vehumet.
  9078 | D:11     | Noticed Sonja
  9078 | D:11     | Noticed a two-headed ogre
  9086 | D:11     | Killed a two-headed ogre
  9087 | D:11     | Reached skill level 5 in Shields
  9097 | D:11     | Killed Sonja
  9098 | D:11     | Reached skill level 15 in Axes
  9432 | D:12     | Noticed a two-headed ogre
  9439 | D:12     | Killed a two-headed ogre
  9511 | D:12     | Noticed a two-headed ogre
  9516 | D:12     | Killed a two-headed ogre
  9535 | D:12     | Noticed Josephine
  9554 | D:12     | Killed Josephine
  9559 | D:12     | Received a gift from Trog
  9883 | D:12     | Reached skill level 10 in Armour
 10020 | D:12     | Noticed a brown ugly thing
 10028 | D:12     | Killed a brown ugly thing
 10029 | D:12     | Reached skill level 16 in Axes
 10066 | D:12     | Noticed a boulder beetle
 10077 | D:12     | Killed a boulder beetle
 10078 | D:12     | Reached XP level 12. HP: 95/110 MP: 3/11
 10852 | D:13     | Found a gate to the Vaults.
 11042 | D:13     | Noticed a four-headed hydra
 11048 | D:13     | Killed a seven-headed hydra
 11049 | D:13     | Reached skill level 17 in Axes
 11160 | D:13     | Noticed a centaur warrior
 11164 | D:13     | Killed a centaur warrior
 11547 | D:13     | Noticed Snorg
 11557 | D:13     | Killed Snorg
 11781 | D:13     | Noticed a boulder beetle
 11789 | D:13     | Killed a boulder beetle
 11831 | D:13     | Noticed a centaur warrior
 11837 | D:13     | Killed a centaur warrior
 12029 | D:13     | Noticed a two-headed ogre
 12035 | D:13     | Killed a two-headed ogre
 12036 | D:13     | Reached XP level 13. HP: 86/119 MP: 4/12
 12342 | D:14     | Reached skill level 18 in Axes
 12458 | D:14     | Received a gift from Trog
 12543 | D:14     | Found a basalt altar of Yredelemnul.
 12543 | D:14     | Found a shimmering altar of Xom.
 12545 | D:14     | Found a burning altar of Makhleb.
 12545 | D:14     | Found a shimmering blue altar of Sif Muna.
 12680 | D:14     | Identified the +6 war axe "Zezaa" {vorpal, Dex+7}
 12996 | D:14     | Found a broken altar of Ashenzari.
 13054 | D:14     | Noticed a fire dragon
 13062 | D:14     | Killed a fire dragon
 13346 | D:14     | Reached skill level 19 in Axes
 13794 | D:14     | Got a pitted battleaxe {god gift}
 13800 | D:14     | Identified the +3 battleaxe "Juol" {vorpal, rF+ rC+++
                  | Will-} (Trog gifted it to you on level 14 of the Dungeon)
 13824 | D:14     | Paralysed by a great orb of eyes for 6 turns
 14027 | D:14     | Found a stormy altar of Qazlal.
 14028 | D:14     | Found Vianisy's Weapon Emporium.
 14203 | D:15     | Entered Level 15 of the Dungeon
 14210 | D:15     | Reached skill level 10 in Shields
 14258 | D:15     | HP: 4/122 [yaktaur/bolt (13)]
 14259 | D:15     | Slain by a harpy zombie

Illustrated notes

Levels and vault maps discovered:
D:1:      heliophobic_arrival_henge, layout_basic, serial_forest,
          infiniplex_forest_clump_diagonal, infiniplex_forest_end_2,
          infiniplex_forest_end_3, infiniplex_forest_lined_2,
          infiniplex_forest_straight_3, infiniplex_forest_side_room,
          infiniplex_forest_straight_2
D:2:      layout_basic, vehumet_crystals
D:3:      layout_loops_ring, trog_eyes_of_draining
D:4:      layout_basic, xom_butterflies, minivault_14, uniq_eustachio
D:5:      layout_basic, minmay_temple_entry_tees, serial_shops, shop,
          uniq_duvessa
D:6:      layout_rooms, basic_altar, roderic_cross_of_infinity
D:7:      layout_rooms, kennysheep_mini_moat,
          chequers_temple_overflow_statue_of_worship, minmay_misc_feat_iff,
          serial_bayou_crossing
D:8:      layout_basic, nicolae_overflow_hidden_temple, okawaru_humans,
          serial_undead, serial_undead_d, serial_undead_b, serial_undead_c,
          serial_undead_a, serial_undead_f, serial_undead_d, serial_undead_b,
          chequers_serial_rivers_micro_c, hangedman_glass_teeth
D:9:      layout_loops_ring, general_overflow_altar, bh_walls_and_bars
D:10:     layout_cave_pods, serial_glass, glass_columns_b, glass_columns_c,
          roderic_batcave, hangedman_decor_opposing, uniq_urug
D:11:     layout_roguey, david_lair_shrubbed, david_orc_4, basic_altar,
          minivault_24, uniq_sonja
D:12:     layout_irregular_city, uniq_josephine
D:13:     layout_gridville, erik_vaults_1, grunt_ogre_cave, uniq_snorg
D:14:     minmay_the_grid_octo_tiled_octocenter_mashed
          [minmay_the_grid_octo_empty, minmay_the_grid_octo_teeth,
          minmay_the_grid_octo_shrine, minmay_the_grid_octo_chip,
          minmay_the_grid_octo_prize_big_c, minmay_the_grid_square_5x5_forky,
          minmay_the_grid_square_5x5_spiral, minmay_the_grid_square_5x5_bite,
          minmay_the_grid_square_5x5_two_walls_a], layout_long_grid,
          basic_altar, serial_shops, nicolae_shop_crystal, ashenzari_altar_1
D:15:     grunt_enter_depths_hoard, layout_cave_pools, palyth_stone_intersect,
          fungi_pond_lemuel, minmay_alternating_orb

Skill      XL: |  1  2  3  4  5  6  7  8  9 10 11 12 13 |
---------------+----------------------------------------+-----
Fighting       | 4 5 6 7 8 10 11 12 13 | 13.5
Axes           | 4 5 6 7 9 10 12 14 16 17 19 | 19.2
Armour         | 3 4 6 7 9 10 11 | 11.9
Dodging        | 3 4 |  4.2
Shields        | 1 2 3 4 7 8 10 | 10.1

Action                   |  1- 3 |  4- 6 |  7- 9 | 10-12 | 13-15 || total
-------------------------+-------+-------+-------+-------+-------++-------
Melee: Hand axe          |    66 |    51 |       |       |       ||   117
       Headbutt          |    11 |    18 |    37 |    74 |    52 ||   192
       War axe           |       |    42 |   231 |    10 |       ||   283
       Broad axe         |       |       |       |   357 |   234 ||   591
Invok: Berserk           |     1 |     2 |     6 |    15 |     5 ||    29
       Trog's Hand       |       |       |     2 |     3 |     4 ||     9
       Brothers in Arms  |       |       |       |     1 |     3 ||     4
  Use: Scroll            |       |       |    11 |     1 |       ||    12
 Stab: Petrified         |       |       |       |       |     2 ||     2
Armor: Animal skin       |    13 |       |       |       |       ||    13
       Scale mail        |       |    12 |       |       |       ||    12
       Plate armour      |       |    15 |   121 |   145 |    89 ||   370
Dodge: Dodged            |    36 |    50 |   122 |   133 |    63 ||   404
Block: Other             |       |    12 |    61 |    10 |       ||    83
       Reflection        |       |     1 |     1 |    19 |    12 ||    33
       Kite shield       |       |       |       |   242 |   151 ||   393
